 Dungeon Crawl Stone Soup version 0.31-a0-700-gf13585253f (webtiles) character file.

Game seed: 1716741198987886294

6102 Newt the Trooper (level 10, -8/63 HPs)
             Began as a Gargoyle Fighter on Sept 7, 2023.
             Was an Elder of Okawaru.
             Mangled by a komodo dragon (18 damage)
             ... on level 10 of the Dungeon.
             The game lasted 00:14:13 (10285 turns).

Newt the Trooper (Gargoyle Fighter)                Turns: 10285, Time: 00:14:13

Health: -8/63      AC: 14    Str: 20    XL:     10   Next: 88%
Magic:  16/16      EV: 10    Int: 11    God:    Okawaru [****..]
Gold:   504        SH:  5    Dex: 13    Spells: 14/17 levels left

rFire   . . .        B - +1 spear (venom)
rCold   . . .        c - +1 buckler
rNeg    + . .        J - +0 troll leather armour
rPois   ∞            (no helmet)
rElec   +            (no cloak)
rCorr   .            (no gloves)
SInv    .            (no boots)
Will    .....        (no amulet)
Stlth   +            k - ring of wizardry
HPRegen 1.10/turn    (no ring)
MPRegen 0.15/turn

%: wizardry (x1)
@: slowed, very slow
A: sickness immunity, AC +7, negative energy resistance 1, electricity
resistance, torment resistance 1, petrification resistance, iridescent scales 1,
agile 1, shaggy fur 1
a: Renounce Religion, Heroism, Finesse


You were on level 10 of the Dungeon.
You worshipped Okawaru.
Okawaru was greatly pleased with you.
You visited 2 branches of the dungeon, and saw 11 of its levels.
You also visited: Sewer.

You collected 504 gold pieces.

Inventory:

Hand Weapons
 a - a +0 flail
 s - a +1 flail of holy wrath
 u - a +1 whip of electrocution
 B - a +1 spear of venom (weapon)
Missiles
 e - 31 poisoned darts (quivered)
 x - 5 boomerangs
 G - 6 javelins
Armour
 b - a +0 scale mail
 c - a +1 buckler (worn)
 g - the +2 robe of Ninneopn {Str+3 Int+3 Dex+4}
   (You found it on level 2 of the Dungeon)

   Str+3:     It affects your strength (+3).
   Int+3:     It affects your intelligence (+3).
   Dex+4:     It affects your dexterity (+4).
 D - +0 acid dragon scales
 J - a +0 troll leather armour (worn)
Jewellery
 k - a ring of wizardry (left hand)
 H - an amulet of regeneration
Wands
 q - a wand of flame (11)
 t - a wand of mindburst (43)
 z - a wand of polymorph (9)
 E - a wand of iceblast (3)
Scrolls
 o - 3 scrolls of immolation
 p - 2 scrolls of teleportation
 w - 3 scrolls of vulnerability
 y - 3 scrolls of identify
 C - a scroll of blinking
 F - a scroll of revelation
 K - a scroll of torment {unknown}
 L - a scroll of poison {unknown}
Potions
 f - a potion of enlightenment
 h - 5 potions of magic
 i - a potion of degeneration
 j - 2 potions of curing
 l - 2 potions of brilliance
 m - a potion of cancellation
 n - 3 potions of resistance
 r - a potion of mutation
 v - 3 potions of might
 A - a potion of invisibility
 I - a potion of haste


   Skills:
 - Level 7.2 Fighting
 - Level 7.0 Maces & Flails
 - Level 7.0 Throwing
 - Level 6.0 Armour
 - Level 3.2 Shields
 - Level 4.0 Spellcasting
 - Level 1.7 Transmutations
 - Level 2.1 Fire Magic
 - Level 7.2 Poison Magic
 + Level 2.8 Evocations


You had 14 spell levels left.
You knew the following spells:

 Your Spells              Type           Power      Damage    Failure   Level
a - Ignite Poison         Fire/Tmut/Pois 10%        N/A       9%          3

Your spell library contained the following spells:

 Spells                   Type           Power      Damage    Failure   Level
 Blink                    Tloc           4%         N/A       21%         2
 Lesser Beckoning         Tloc           4%         N/A       21%         2
 Momentum Strike          Conj/Tloc      4%         3d8       21%         2
 Gell's Gravitas          Tloc           2%         N/A       38%         3
 Teleport Other           Tloc           2%         N/A       38%         3
 Freezing Cloud           Conj/Ice/Air   1%         6-21      97%         5
 Cigotuvi's Dreadful Rot  Necr/Pois/Air  Unusable   N/A       N/A         2

Dungeon Overview and Level Annotations

Branches:
Dungeon (10/15)            Temple (1/1) D:5           Sewer (visited)
   Lair: D:8-11         Orc: D:9-12

Altars:
Ashenzari
Cheibriados
Dithmenos
Elyvilon
Fedhas
Gozag
Hepliaklqana
Kikubaaqudgha
Makhleb
Nemelex Xobeh
Okawaru
Qazlal
Ru
Sif Muna
Trog
Uskayaw
Vehumet
Wu Jian
Xom
Yredelemnul
Zin
The Shining One

Annotations:
D:8 4 transporters
D:10 Fannar, Psyche


Innate Abilities, Weirdness & Mutations

You are immune to sickness and miasma.
Your stone body is resilient. (AC +7)
You are immune to poison.
You resist negative energy. (rN+)
You are resistant to electric shocks. (rElec)
You are resistant to unholy torment.
You are immune to petrification.
You are partially covered in iridescent scales. (AC +2)
You are agile. (Dex +4, Str/Int -1)
You are covered in fur. (AC +1)


Message History

The yak is lightly wounded.
Okawaru accepts your kill.
You feel a bit more experienced. The yak gores you!
* * * LOW HITPOINT WARNING * * *
The yak misses you. The yak barely misses you. x2
The yak gores you but does no damage. x2
You hit the yak.
The yak looks as sick as possible!
The yak is moderately wounded.
Your surroundings suddenly seem different.
A komodo dragon comes into view.
Found a stone staircase leading up.
The komodo dragon hisses angrily.
Unknown command.
Unknown command.
Unknown command.
Aiming: Iceblast
Press: ? - help, Shift-Dir - straight line, f - komodo dragon
Aim: a komodo dragon The mass of ice explodes!
The iceblast engulfs the komodo dragon!
The komodo dragon is lightly wounded.
You hear a howl!
The komodo dragon bites you!
* * * LOW HITPOINT WARNING * * *
Unknown command.
You feel much better.
The howler monkey hoots and howls with incredible vigour!
You block the komodo dragon's attack.
You hear a bellow!
You barely miss the komodo dragon.
The komodo dragon is lightly wounded.
The komodo dragon bites you!!
* * * LOW HITPOINT WARNING * * *
The komodo dragon bites you but does no damage.
Unknown command.
Aiming: Iceblast
Press: ? - help, Shift-Dir - straight line, p - komodo dragon The mass of ice explodes!
The iceblast engulfs the komodo dragon!
The komodo dragon is heavily wounded.
The komodo dragon closely misses you. The komodo dragon bites you!!
You die...

#######
##..... #
#..... .
#. #....
..##.##...
.......h.#
<..#...l@#
#......##
.....####
.... ..
.....#
....#


You could see a komodo dragon and a howler monkey.

Vanquished Creatures
  Pikel (D:4)
  An ugly thing (D:9)
  Joseph (D:8)
  Maurice (D:8)
  Jeremiah (D:6)
  Maggie (D:8)
  A troll (D:9)
  Prince Ribbit (D:9)
  Sigmund (D:3)
  A wyvern (D:7)
  3 yaks (D:7)
  Grum (D:8)
  A steam dragon (D:8)
  Menkaure (D:4)
  An orc warrior (D:7)
  An ogre (D:7)
  A centaur (D:8)
  2 wolves (D:8)
  2 lemures
  2 phantoms
  3 kobold brigands
  2 bullfrogs (D:6)
  Blork the orc (D:4)
  A gnoll sergeant (D:5)
  6 killer bees (D:6)
  3 howler monkeys (D:8)
  4 hounds
  7 orc priests
  Ijyb (D:5)
  4 iguanas
  8 orc wizards
  12 gnolls
  7 adders
  5 river rats (Sewer)
  2 white imps (D:6)
  An ufetubus (D:7)
  A worm (D:3)
  A dart slug (D:2)
  40 orcs
  10 ball pythons
  3 bats
  4 endoplasms
  4 giant cockroaches
  16 goblins
  8 hobgoblins
  3 jackals (D:4)
  3 quokkas
  3 frilled lizards
  46 kobolds
  22 rats
256 creatures vanquished.

Vanquished Creatures (others)
  An orc (D:8)
1 creature vanquished.

Grand Total: 257 creatures vanquished

Notes
Turn   | Place    | Note
-------+----------+-------------------------------------------
     0 | D:1      | Newt the Gargoyle Fighter began the quest for the Orb.
     0 | D:1      | Reached XP level 1. HP: 14/14 MP: 1/1
   115 | D:1      | Reached XP level 2. HP: 20/20 MP: 2/2
   458 | D:1      | Found a faded altar of an unknown god.
   766 | D:2      | Reached XP level 3. HP: 24/24 MP: 3/3
   816 | D:2      | Identified the +2 robe of Ninneopn {Str+3 Int+3 Dex+4}
   918 | D:2      | Reached skill level 5 in Fighting
  1097 | D:3      | Reached XP level 4. HP: 28/31 MP: 4/4
  1283 | D:3      | Noticed Sigmund
  1296 | D:3      | Killed Sigmund
  1297 | D:3      | Reached XP level 5. HP: 16/38 MP: 5/5
  1297 | D:3      | Reached XP level 6. HP: 18/44 MP: 6/6
  1355 | D:3      | Found a glowing drain.
  1360 | Sewer    | Entered a sewer
  2776 | D:4      | Noticed Pikel
  3047 | D:4      | Found a glowing silver altar of Zin.
  3221 | D:4      | Noticed Menkaure
  3228 | D:4      | Killed Menkaure
  3229 | D:4      | Reached XP level 7. HP: 42/48 MP: 7/7
  3264 | D:4      | Noticed Blork the orc
  3280 | D:4      | Killed Blork the orc
  3281 | D:4      | Reached skill level 5 in Maces & Flails
  3281 | D:4      | Reached skill level 1 in Throwing
  3931 | D:4      | Learned a level 3 spell: Ignite Poison
  4026 | D:4      | Killed Pikel
  4027 | D:4      | Reached skill level 1 in Spellcasting
  4027 | D:4      | Reached skill level 1 in Transmutations
  4027 | D:4      | Reached skill level 1 in Fire Magic
  4027 | D:4      | Reached skill level 1 in Poison Magic
  4027 | D:4      | Reached XP level 8. HP: 53/53 MP: 4/9
  4134 | D:5      | Entered Level 5 of the Dungeon
  4683 | D:5      | Found a staircase to the Ecumenical Temple.
  4791 | D:5      | Found a hide-covered altar of Uskayaw.
  4864 | D:5      | Noticed Ijyb
  4874 | D:5      | Killed Ijyb
  5474 | Temple   | Entered the Ecumenical Temple
  5505 | Temple   | Became a worshipper of Warmaster Okawaru
  5646 | D:6      | Noticed Jeremiah
  5651 | D:6      | Killed Jeremiah
  5652 | D:6      | Reached skill level 5 in Armour
  5652 | D:6      | Reached XP level 9. HP: 57/57 MP: 8/15
  5778 | D:6      | Gained mutation: You have a pair of small horns on your
                  | head. [potion of mutation]
  5778 | D:6      | Gained mutation: You have hidden genetic defects. [potion
                  | of mutation]
  5778 | D:6      | Gained mutation: You are agile. (Dex +4, Str/Int -1)
                  | [potion of mutation]
  5778 | D:6      | HP: 1/57 [killer bee (5)]
  5785 | D:6      | Reached * piety under Okawaru
  5879 | D:6      | Lost mutation: You have a pair of small horns on your head.
                  | [potion of mutation]
  5879 | D:6      | Lost mutation: You have hidden genetic defects. [potion of
                  | mutation]
  5879 | D:6      | Gained mutation: You are covered in fur. (AC +1) [potion of
                  | mutation]
  5879 | D:6      | Gained mutation: You are partially covered in iridescent
                  | scales. (AC +2) [potion of mutation]
  7447 | D:7      | Reached skill level 5 in Throwing
  7757 | D:7      | Reached ** piety under Okawaru
  7879 | D:7      | Reached XP level 10. HP: 30/63 MP: 6/16
  8114 | D:8      | Noticed Maggie
  8114 | D:8      | Found a broken altar of Ashenzari.
  8375 | D:8      | Killed Maggie
  8614 | D:8      | Noticed Maurice
  8693 | D:8      | Killed Maurice
  8693 | D:8      | Reached *** piety under Okawaru
  8878 | D:8      | Found a transporter.
  8878 | D:8      | Noticed Joseph
  8880 | D:8      | Found a transporter.
  8887 | D:8      | Killed Joseph
  8887 | D:8      | Received a gift from Okawaru
  8888 | D:8      | Reached skill level 5 in Poison Magic
  8982 | D:8      | Found a transporter.
  8989 | D:8      | Found a transporter.
  9342 | D:8      | Noticed Grum
  9365 | D:8      | Killed Grum
  9850 | D:9      | Noticed Prince Ribbit
  9955 | D:9      | Killed Prince Ribbit
  9985 | D:9      | Noticed a cyan ugly thing
  9991 | D:9      | Killed a cyan ugly thing
  9991 | D:9      | Reached **** piety under Okawaru
 10103 | D:9      | Found a sparkling altar of Nemelex Xobeh.
 10271 | D:10     | Entered Level 10 of the Dungeon
 10273 | D:10     | Noticed Psyche
 10276 | D:10     | Noticed Fannar
 10277 | D:10     | HP: 3/63 [yak (10)]
 10285 | D:10     | Mangled by a komodo dragon

Illustrated notes

Levels and vault maps discovered:
D:1:      dpeg_arrival_shrine, layout_basic,
          shapermc_ecumenical_altar_mp_vishouse
D:2:      layout_rooms
D:3:      layout_basic, portal_sewer_entry_e, uniq_sigmund
D:4:      layout_basic, mainiacjoe_overflow_concentric_impassable,
          uniq_blork_the_orc, uniq_pikel, uniq_menkaure
D:5:      layout_layer_cave, nicolae_uskayaw_dance_hall,
          minmay_temple_entry_poolview, saegor_snake_ambush, uniq_ijyb
D:6:      layout_gridville, dreamdust_gnoll_farm, uniq_jeremiah
D:7:      corexii_shantytown, layout_basic, reono_crystal_passage
D:8:      cheibrodos_quashed, layout_loops_ring, ashenzari_altar_1,
          nicolae_transporter_circle, uniq_joseph, uniq_grum, uniq_maurice,
          uniq_maggie
D:9:      layout_irregular_city, general_overflow_altar, hiddenorc1_lemuel,
          uniq_prince_ribbit1
D:10:     layout_basic, erik_lair_orcish_takeover, minmay_bent, uniq_psyche,
          uniq_fannar
Temple:   dpeg_five_rooms_temple

Skill      XL: |  1  2  3  4  5  6  7  8  9 10 |
---------------+-------------------------------+-----
Fighting       | 4 5 7 |  7.2
Maces & Flails | 4 5 7 |  7.0
Throwing       | 4 6 7 |  7.0
Spellcasting   | 1 4 |  4.0
Transmutations | 1 |  1.7
Fire Magic     | 1 2 |  2.1
Poison Magic   | 1 2 7 |  7.2
Armour         | 5 6 |  6.0
Evocations     | 2 |  2.8
Shields        | |  3.2

Action                     |  1- 3 |  4- 6 |  7- 9 | 10-12 || total
---------------------------+-------+-------+-------+-------++-------
  Melee: Flail             |    81 |   239 |   283 |       ||   603
         Whip              |       |       |    80 |       ||    80
         Spear             |       |       |    34 |   133 ||   167
         Headbutt          |       |       |     2 |       ||     2
         Unarmed           |       |       |       |    16 ||    16
  Throw: Dart              |       |     3 |    49 |       ||    52
   Cast: Ignite Poison     |       |       |    14 |    12 ||    26
  Evoke: Wand              |       |       |       |     8 ||     8
    Use: Scroll            |     4 |     7 |     6 |     4 ||    21
         Potion            |       |     2 |     6 |     6 ||    14
   Stab: Sleeping          |       |     3 |     5 |       ||     8
 Armour: Scale mail        |    58 |       |       |       ||    58
         Robe              |    13 |   191 |   273 |    62 ||   539
         Skin              |     2 |       |       |     8 ||    10
         Troll leather arm |       |       |       |    73 ||    73
         Acid dragon scale |       |       |       |    51 ||    51
  Dodge: Dodged            |    54 |   160 |   210 |   106 ||   530
  Block: Buckler           |    18 |    55 |   119 |    54 ||   246

Table legend: (Time is in decaauts)
 A = Elapsed time spent in this place.
 B = Non-inter-level travel time spent in this place.
 C = Inter-level travel time spent in this place.
 D = Time resting spent in this place.
 E = Time spent auto-exploring this place.
 F = Levels seen in this place.
 G = Mean time per level.
                   A        B        C        D        E       F      G
               +--------+--------+--------+--------+--------+-----+--------+
         Total |  10424 |   9961 |    463 |   2162 |   5734 |  12 |  868.7 |
       Dungeon |   9290 |   8886 |    404 |   1778 |   5328 |  10 |  929.0 |
        Temple |     60 |      1 |     59 |      0 |      0 |   1 |   60.0 |
         Sewer |   1074 |   1074 |      0 |    384 |    405 |   1 | 1074.0 |
               +--------+--------+--------+--------+--------+-----+--------+

Top non-repeatable levels by time:
     D:7: 1842 daAuts
     D:8: 1572 daAuts
     D:5: 1379 daAuts
     D:4: 1137 daAuts
   Sewer: 1074 daAuts
     D:6: 966 daAuts
     D:3: 921 daAuts
     D:1: 706 daAuts
     D:2: 389 daAuts
     D:9: 353 daAuts
  Temple: 60 daAuts
    D:10: 21 daAuts
